 Dungeon Crawl Stone Soup version 0.29.0-13-gc9e81de378 (webtiles) character file.

Game seed: 14450334271927584238

20270 Mechanical the Frost Mage (level 12, -26/74 HPs)
             Began as a Barachi Ice Elementalist on Sept 5, 2022.
             Was a Priest of Sif Muna.
             Annihilated by a boulder beetle (27 damage)
             ... on level 2 of the Lair of Beasts on Sept 8, 2022.
             The game lasted 01:28:56 (15952 turns).

Mechanical the Frost Mage (BaIE)                   Turns: 15952, Time: 01:28:57

Health: -26/74     AC: 11    Str: 10    XL:     12   Next: 77%
Magic:  16/23      EV: 11    Int: 20    God:    Sif Muna [***...]
Gold:   879        SH:  0    Dex: 17    Spells: 5/26 levels left

rFire   + + .      SeeInvis .   P - +7 sling "Beast's Bane" {freeze, *Corrode Fragile Will+++ Dex+4}
rCold   + . .      Faith    .   (no shield)
rNeg    . . .      Spirit   .   M - +1 ring mail of Nosineir {rPois Will+ Stlth+}
rPois   +          Reflect  .   (no helmet)
rElec   .          Harm     .   d - scarf {rC+ rF+}
rCorr   .          Rampage  .   a - +2 pair of gloves "Ziroo" {Will+ Slay+2}
Will    +++++                   C - +0 pair of boots
Stlth   ++........              (no amulet)
HPRegen 0.22/turn               v - ring of protection from fire
MPRegen 0.18/turn               O - ring "Halliov" {Wiz Fly}

@: flying, slow
A: amphibious, slowness 1, strong legs 1, +LOS
a: Hop, Renounce Religion, Channel Magic, Forget Spell


You were on level 2 of the Lair of Beasts.
You worshipped Sif Muna.
Sif Muna was most pleased with you.
You visited 3 branches of the dungeon, and saw 14 of its levels.

You collected 879 gold pieces.

Inventory:

Hand Weapons
 L - a +3 scimitar of flaming
 P - the +7 sling "Beast's Bane" (weapon) {freeze, *Corrode Fragile Will+++ Dex+4}
   (You found it on level 1 of the Lair of Beasts)

   Any ammunition fired from it freezes those it strikes, dealing additional
   cold damage.
   It can also slow down cold-blooded creatures.
   Dex:       It affects your dexterity (+4).
   *Corrode:  It may corrode you when you take damage.
   Fragile:   It will be destroyed if unequipped.
   Will:      It greatly increases your willpower.
 Q - a +2 great sword of holy wrath
Missiles
 g - 58 stones
 i - 2 throwing nets
 u - 19 poisoned darts
Armour
 a - the +2 pair of gloves "Ziroo" (worn) {Will+ Slay+2}
   (You found it on level 6 of the Dungeon)

   Slay:      It affects your accuracy & damage with ranged weapons and melee
   (+2).
   Will:      It increases your willpower.
 d - a scarf of resistance (worn)
 q - the +2 pair of gloves of Qazlal's Generosity {rF+}
   (You found it on level 3 of the Dungeon)

   rF:        It protects you from fire.
 C - a +0 pair of boots (worn)
 J - a +2 robe of cold resistance
 M - the +1 ring mail of Nosineir (worn) {rPois Will+ Stlth+}
   (You found it on level 9 of the Dungeon)

   rPois:     It protects you from poison.
   Will:      It increases your willpower.
   Stlth:     It makes you more stealthy.
Magical Staves
 y - a staff of air
Jewellery
 v - a ring of protection from fire (left hand)
 D - a ring of protection from cold
 F - a +4 ring of evasion
 K - a ring of resist corrosion
 O - the ring "Halliov" (right hand) {Wiz Fly}
   (You found it on level 1 of the Lair of Beasts)

   [ring of wizardry]

   It improves your spell success rate.
   Fly:       It grants you flight.
Wands
 t - a wand of paralysis (3)
 x - a wand of roots (4)
 E - a wand of polymorph (8)
 S - a wand of flame (9)
Scrolls
 e - a scroll of silence {unknown}
 f - 2 scrolls of immolation {unknown}
 h - a scroll of torment {unknown}
 j - 2 scrolls of enchant weapon {unknown}
 l - 2 scrolls of blinking {unknown}
 m - 3 scrolls of identify {unknown}
 n - 2 scrolls of butterflies {unknown}
 o - a scroll of enchant armour {unknown}
 p - 3 scrolls of poison
 r - 7 scrolls of teleportation
 s - 6 scrolls of fear {unknown}
 A - a scroll of amnesia {unknown}
 T - a scroll of magic mapping {unknown}
Potions
 b - 2 potions of magic
 c - 3 potions of brilliance {unknown}
 k - 3 potions of curing {unknown}
 w - 4 potions of lignification
 z - 2 potions of resistance {unknown}
 B - a potion of heal wounds
 G - a potion of ambrosia {unknown}
 H - 3 potions of might
 I - a potion of berserk rage {unknown}
 N - a potion of mutation {unknown}
 R - 2 potions of attraction {unknown}


   Skills:
 - Level 5.0 Armour
 - Level 2.2 Dodging
 - Level 1.8 Stealth
 - Level 7.5 Spellcasting
 - Level 9.3 Conjurations
 - Level 12.6 Ice Magic
 - Level 9.3 Earth Magic
 + Level 8.3 Invocations
 + Level 6.1 Evocations


You had 5 spell levels left.
You knew the following spells:

 Your Spells              Type           Power      Damage    Failure   Level
a - Freeze                Ice            100%       1d11      1%          1
b - Frozen Ramparts       Ice            100%       1d16      1%          3
c - Ozocubu's Armour      Ice            55%        N/A       1%          3
d - Hailstorm             Conj/Ice       51%        3d11      1%          4
e - Lightning Bolt        Conj/Air       13%        1d26      32%         5
f - Stone Arrow           Conj/Erth      88%        3d12      1%          3
g - Passwall              Tmut/Erth      21%        N/A       1%          2

Your spell library contained the following spells:

 Spells                   Type           Power      Damage    Failure   Level
 Ensorcelled Hibernation  Hex/Ice        64%        N/A       1%          2
 Static Discharge         Conj/Air       26%        3-7/arc   1%          2
 Lee's Rapid Deconstruct  Erth           22%        3d13*     5%          5
 Animate Armour           Summ/Erth      52%        N/A       12%         4
 Fulminant Prism          Conj/Hex       13%        3d9       12%         4
 Iskenderun's Mystic Bla  Conj/Tloc      26%        2d7       12%         4
 Gell's Gravitas          Tloc           7%         N/A       26%         3
 Lesser Beckoning         Tloc           7%         N/A       26%         3
 Portal Projectile        Hex/Tloc       14%        N/A       26%         3
 Swiftness                Air            7%         N/A       26%         3
 Teleport Other           Tloc           7%         N/A       26%         3
 Tukima's Dance           Hex            7%         N/A       26%         3
 Borgnjor's Vile Clutch   Necr/Erth      13%        N/A       32%         5
 Passage of Golubria      Tloc           7%         N/A       61%         4
 Alistair's Intoxication  Tmut/Pois      4%         N/A       90%         5
 Blade Hands              Tmut           3%         N/A       90%         5
 Yara's Violent Unravell  Hex/Tmut       3%         3d4       90%         5
 Eringya's Noxious Bog    Tmut/Pois      3%         N/A       100%        6
 Lehudib's Crystal Spear  Conj/Erth      22%        10d6      100%        8
 Maxwell's Capacitive Co  Air            3%         ∞         100%        8


Dungeon Overview and Level Annotations

Branches:
Dungeon (10/15)            Temple (1/1) D:5            Lair (3/5) D:9
  Swamp: Lair:2-3    Shoals: Lair:2-3     Snake: Lair:2-3    Spider: Lair:2-3
    Orc: D:9-12

Altars:
Ashenzari
Cheibriados
Dithmenos
Elyvilon
Fedhas
Gozag
Hepliaklqana
Kikubaaqudgha
Makhleb
Nemelex Xobeh
Okawaru
Qazlal
Ru
Sif Muna
Trog
Uskayaw
Vehumet
Wu Jian
Yredelemnul
Zin
The Shining One

Shops:
D:5 *

Annotations:
D:4 2 transporters, InfectedGamer07's ghost, amateur MiFi


Innate Abilities, Weirdness & Mutations

You are amphibious.
You cover ground slowly.
You can hop short distances.
You have an extended range of vision and can be seen from far away.


Message History

You shoot a sling bullet.
The sling bullet hits the boulder beetle.
The sling bullet freezes the boulder beetle.
The boulder beetle is heavily wounded.
The boulder beetle bites you! x2
* * * LOW HITPOINT WARNING * * *
Fire: P) +7 sling "Beast's Bane" {freeze, *Corrode Fragile Will+++ Dex+4}
Press: ? - help, Q - select action, (/) - cycle Shift-Dir - straight line, f/p - boulder beetle
Aim: a boulder beetle (heavily wounded, 91% to hit)
You shoot a sling bullet.
The sling bullet barely misses the boulder beetle.
The boulder beetle misses you.
Unknown command.
Fire: P) +7 sling "Beast's Bane" {freeze, *Corrode Fragile Will+++ Dex+4}
Press: ? - help, Q - select action, (/) - cycle Shift-Dir - straight line, f/p - boulder beetle
Aim: a boulder beetle (heavily wounded, 91% to hit)
You shoot a sling bullet.
The sling bullet hits the boulder beetle but does no damage.
The boulder beetle is heavily wounded.
The boulder beetle bites you!
* * * LOW HITPOINT WARNING * * *
The boulder beetle bites you but does no damage.
Fire: P) +7 sling "Beast's Bane" {freeze, *Corrode Fragile Will+++ Dex+4}
Press: ? - help, Q - select action, (/) - cycle Shift-Dir - straight line, f/p - boulder beetle
Aim: a boulder beetle (heavily wounded, 91% to hit)
You shoot a sling bullet.
The sling bullet hits the boulder beetle but does no damage.
The boulder beetle is heavily wounded.
You are ready to hop once more.
The boulder beetle closely misses you.
Fire: P) +7 sling "Beast's Bane" {freeze, *Corrode Fragile Will+++ Dex+4}
Press: ? - help, Q - select action, (/) - cycle Shift-Dir - straight line, f/p - boulder beetle
Aim: a boulder beetle (heavily wounded, 91% to hit)
You shoot a sling bullet.
The sling bullet hits the boulder beetle but does no damage.
The boulder beetle is heavily wounded.
The boulder beetle bites you.
* * * LOW HITPOINT WARNING * * *
The boulder beetle bites you!!
You die...

............##..#...............#
...#.##.##..##..P...##.........##
...#######..#.......##........#.#
..## #.##.........)......#.##
...#### ##†##...............#####
......###.†##...............# #
......##.#.##.........#.....# ##
......................##...#####<
...##....>.....B@......#...#.##..
..###.........................#..
..# ##....##.....................
.## ###.####.÷.....[............
.# ##...##.....................
.# ##.....##.÷............#.##..
.####.................#.....#....
.#.#..................P.....#....
............................##...


You could see a boulder beetle.

Vanquished Creatures
  3 hydras
  Erica (D:8)
  2 two-headed ogres
  A catoblepas (Lair:2)
  Pikel (D:6)
  8 elephants
  A black mamba (Lair:1)
  Maggie (D:8)
  6 cane toads
  2 komodo dragons
  A hornet (D:9)
  Prince Ribbit (D:8)
  16 blink frogs
  Sigmund (D:4)
  10 yaks (Lair:1)
  Eustachio (D:4)
  A basilisk (Lair:2)
  Menkaure (D:4)
  An acid dragon (D:9)
  2 wargs
  7 water moccasins
  2 orc warriors
  A sky beast (D:7)
  5 ogres
  7 wolves (Lair:2)
  A phantom (D:5)
  2 kobold brigands
  2 gnoll sergeants
  3 necrophages
  9 bullfrogs
  A scorpion (D:4)
  4 killer bees (D:9)
  2 jellies
  6 crimson imps (D:8)
  4 orc priests
  5 hounds
  A gnoll bouda (D:8)
  6 iguanas
  4 orc wizards (D:9)
  15 gnolls
  6 adders
  A shadow imp (D:6)
  3 white imps (D:8)
  2 worms
  A dart slug (D:5)
  20 orcs
  8 ball pythons
  3 bats
  3 endoplasms (D:3)
  13 giant cockroaches
  6 goblins
  5 hobgoblins
  2 jackals (D:1)
  5 quokkas
  4 frilled lizards
  A goblin zombie (D:6)
  13 kobolds
  6 rats
  A rat zombie (D:6)
  A bush (D:7)
252 creatures vanquished.

Vanquished Creatures (others)
  5 fungi
  84 plants
89 creatures vanquished.

Grand Total: 341 creatures vanquished

Notes
Turn   | Place    | Note
-------+----------+-------------------------------------------
     0 | D:1      | Mechanical the Barachi Ice Elementalist began the quest for
                  | the Orb.
     0 | D:1      | Reached XP level 1. HP: 13/13 MP: 3/3
   175 | D:1      | Reached skill level 5 in Ice Magic
   339 | D:1      | Reached XP level 2. HP: 19/19 MP: 3/5
   820 | D:2      | Reached XP level 3. HP: 14/24 MP: 0/6
   953 | D:2      | Learned a level 3 spell: Frozen Ramparts
   957 | D:2      | Learned a level 3 spell: Ozocubu's Armour
  1399 | D:2      | Reached skill level 1 in Conjurations
  1553 | D:2      | Reached XP level 4. HP: 25/30 MP: 4/8
  1742 | D:3      | Identified the +2 pair of gloves of Qazlal's Generosity
                  | {rF+}
  1800 | D:3      | Reached skill level 6 in Ice Magic
  1818 | D:3      | Found a sparkling altar of Nemelex Xobeh.
  2708 | D:4      | Reached XP level 5. HP: 28/35 MP: 3/9
  2851 | D:4      | Noticed Sigmund
  2988 | D:4      | Found a transporter.
  2991 | D:4      | Identified the +2 halberd "Unlom" {elec, rN+}
  3001 | D:4      | Noticed an ogre
  3012 | D:4      | Noticed InfectedGamer07's ghost (amateur MiFi)
  3052 | D:4      | Found a transporter.
  3495 | D:4      | Noticed Eustachio
  3793 | D:4      | Killed an ogre
  3794 | D:4      | Reached skill level 7 in Ice Magic
  3794 | D:4      | Reached XP level 6. HP: 41/41 MP: 3/11
  3898 | D:4      | Killed Eustachio
  4020 | D:4      | Killed Sigmund
  4021 | D:4      | Reached skill level 8 in Ice Magic
  4021 | D:4      | Reached XP level 7. HP: 46/46 MP: 6/13
  4068 | D:4      | Noticed Menkaure
  4077 | D:4      | Killed Menkaure
  4601 | D:4      | Reached skill level 9 in Ice Magic
  4601 | D:4      | Reached XP level 8. HP: 51/52 MP: 9/15
  4606 | D:4      | Learned a level 4 spell: Hailstorm
  4612 | D:4      | Learned a level 5 spell: Lightning Bolt
  4680 | D:5      | Entered Level 5 of the Dungeon
  4927 | D:5      | Reached skill level 5 in Spellcasting
  5199 | D:5      | Found Kuxeeha's CLEARANCE SALE!.
  5365 | D:5      | Found a staircase to the Ecumenical Temple.
  5398 | Temple   | Entered the Ecumenical Temple
  5405 | Temple   | Became a worshipper of Sif Muna the Loreminder
  5483 | D:5      | Found an opulent altar of Gozag.
  5574 | D:5      | Reached skill level 5 in Conjurations
  6025 | D:6      | Reached skill level 10 in Ice Magic
  6111 | D:6      | Noticed Pikel
  6115 | D:6      | Killed Pikel
  6116 | D:6      | Reached XP level 9. HP: 51/57 MP: 4/18
  6183 | D:6      | Noticed a two-headed ogre
  6198 | D:6      | Killed a two-headed ogre
  6199 | D:6      | Reached skill level 11 in Ice Magic
  6359 | D:6      | Identified the +2 pair of gloves "Ziroo" {Will+ Slay+2}
  6930 | D:6      | Reached skill level 12 in Ice Magic
  7329 | D:7      | Found a snail-covered altar of Cheibriados.
  8136 | D:8      | Noticed Maggie
  8145 | D:8      | Killed Maggie
  8145 | D:8      | Reached * piety under Sif Muna
  8146 | D:8      | Reached XP level 10. HP: 58/63 MP: 0/20
  8279 | D:8      | Upgraded the game from 0.29.0-11-gd7f09526c8 to
                  | 0.29.0-13-gc9e81de378
  8283 | D:8      | Learned a level 3 spell: Stone Arrow
  8286 | D:8      | Learned a level 2 spell: Passwall
  8303 | D:8      | Noticed Prince Ribbit
  8620 | D:8      | Killed Prince Ribbit
  8621 | D:8      | Reached skill level 1 in Earth Magic
  8841 | D:8      | Found a basalt altar of Yredelemnul.
  8895 | D:8      | Noticed Erica
  8909 | D:8      | Killed Erica
  8910 | D:8      | Reached skill level 1 in Invocations
  9052 | D:8      | Found a radiant altar of Vehumet.
  9466 | D:8      | Noticed a cyclops
 10299 | D:9      | Noticed a two-headed ogre
 10574 | D:9      | Killed a two-headed ogre
 10691 | D:9      | Found a staircase to the Lair.
 10873 | D:9      | Identified the +1 ring mail of Nosineir {rPois Will+
                  | Stlth+}
 10905 | D:9      | Found a hide-covered altar of Uskayaw.
 11122 | D:9      | Paralysed by a hornet for 1 turns
 11124 | D:9      | Reached ** piety under Sif Muna
 11225 | D:9      | Reached XP level 11. HP: 50/68 MP: 15/22
 11566 | D:9      | Reached skill level 5 in Earth Magic
 11657 | D:10     | Entered Level 10 of the Dungeon
 11682 | Lair:1   | Entered Level 1 of the Lair of Beasts
 11759 | Lair:1   | Reached skill level 1 in Armour
 12085 | Lair:1   | Noticed a six-headed hydra
 12444 | Lair:1   | Reached skill level 5 in Invocations
 12477 | Lair:1   | Noticed a five-headed hydra
 12565 | Lair:1   | Killed a five-headed hydra
 12802 | Lair:1   | Reached skill level 5 in Armour
 13352 | Lair:1   | Identified the ring "Halliov" {Wiz Fly}
 13412 | Lair:1   | Identified the +7 sling "Beast's Bane" {freeze, *Corrode
                  | Fragile Will+++ Dex+4}
 13503 | Lair:1   | Killed a six-headed hydra
 13504 | Lair:1   | Reached skill level 1 in Evocations
 13641 | Lair:1   | Reached XP level 12. HP: 36/74 MP: 9/23
 14366 | Lair:2   | Reached *** piety under Sif Muna
 14732 | Lair:2   | HP: 4/111 [elephant (3)]
 14749 | Lair:2   | Reached skill level 5 in Evocations
 15144 | Lair:2   | Noticed a catoblepas
 15154 | Lair:2   | Killed a catoblepas
 15568 | Lair:2   | Noticed a seven-headed hydra
 15586 | Lair:2   | Killed a seven-headed hydra
 15787 | Lair:3   | Noticed a boulder beetle
 15950 | Lair:2   | HP: 2/74 [boulder beetle (12)]
 15952 | Lair:2   | Annihilated by a boulder beetle

Illustrated notes

Levels and vault maps discovered:
D:1:      eino_arrival_cavern_d, layout_rooms, reono_crystal_passage
D:2:      layout_rooms, minmay_vboxes
D:3:      minmay_roachtagon, layout_loops_cross, lemuel_round_altar,
          dk_noncrumbling_4
D:4:      layout_basic, gammafunk_ghost_gnarly_gnolls, hangedman_decor_points,
          uniq_menkaure, uniq_sigmund, uniq_eustachio
D:5:      layout_basic, mainiacjoe_overflow_six_doors_small,
          minmay_temple_entry_gardened_gates, nicolae_shop_clearance
D:6:      layout_basic, enter_ossuary_4, uniq_pikel
D:7:      layout_basic, chei_slow_surprise, minmay_hedge_maze,
          eino_small_chamber_without_monster
D:8:      layout_gridville, nicolae_overflow_hidden_temple, lemuel_tele_altar,
          minmay_nine_imps, uniq_maggie, uniq_prince_ribbit1, uniq_erica
D:9:      layout_rooms, nicolae_uskayaw_murder_on_the_dancefloor,
          erik_lair_orcish_takeover, lightli_orcish_oven
D:10:     layout_irregular_city, xom_redecorated, ebering_ghost_reflecting_pool
Temple:   nicolae_temple_no_exploring_needed
Lair:1:   layout_cave_pods, serial_forest, infiniplex_forest_clump_long,
          infiniplex_forest_zigzag_2, infiniplex_forest_end_1,
          infiniplex_forest_zigzag_2, infiniplex_forest_straight_3,
          infiniplex_forest_straight_3, serial_bayou_pond_d, st_stairs_4
Lair:2:   layout_gridlike
Lair:3:   layout_gridlike, minmay_shoals_entry_beasts,
          spider_nest_entry_web_field, portal_ice_cave_entry_pillars_1,
          worms_lemuel, lemuel_fruit_fields, uniq_nessos

Skill      XL: |  1  2  3  4  5  6  7  8  9 10 11 12 |
---------------+-------------------------------------+-----
Ice Magic      | 5 6 7 8 9 10 12 | 12.6
Conjurations   | 1 2 3 4 5 7 9 |  9.3
Spellcasting   | 3 4 6 7 |  7.5
Earth Magic    | 4 7 9 |  9.3
Invocations    | 3 6 8 |  8.3
Armour         | 5 |  5.0
Evocations     | 2 6 |  6.1
Dodging        | |  2.2
Stealth        | |  1.8

Action                   |  1- 3 |  4- 6 |  7- 9 | 10-12 || total
-------------------------+-------+-------+-------+-------++-------
Melee: Mace              |     3 |       |       |       ||     3
       Dagger            |     7 |       |       |       ||     7
       Hand axe          |     2 |     1 |       |       ||     3
       War axe           |       |    72 |   156 |       ||   228
       Punch             |       |       |     7 |     1 ||     8
       Scimitar          |       |       |       |    50 ||    50
 Fire: Sling             |       |       |       |   124 ||   124
Throw: Stone             |     1 |     6 |     2 |     7 ||    16
 Cast: Freeze            |    43 |    20 |    12 |    44 ||   119
       Frozen Ramparts   |     1 |    14 |    34 |    36 ||    85
       Ozocubu's Armour  |       |     5 |    30 |    30 ||    65
       Hailstorm         |       |       |     7 |    14 ||    21
       Stone Arrow       |       |       |       |    79 ||    79
       Lightning Bolt    |       |       |       |     2 ||     2
 Abil: Hop               |       |       |     3 |    13 ||    16
Evoke: Wand              |       |       |     7 |     1 ||     8
  Use: Scroll            |       |     1 |       |     1 ||     2
       Potion            |       |       |       |     5 ||     5
 Stab: Sleeping          |     2 |     5 |     2 |       ||     9
Armor: Robe              |     7 |    47 |    30 |    13 ||    97
       Ring mail         |       |       |       |    69 ||    69
       Skin              |       |       |       |    30 ||    30
Dodge: Dodged            |    32 |    73 |    48 |   117 ||   270
